 Dungeon Crawl Stone Soup version 0.22-a0-283-g1871b15 (webtiles) character file.

22270 SuperCereal the Destroyer (level 12, -1/102 HPs)
             Began as a Deep Elf Conjurer on Mar 19, 2018.
             Was an Elder of Vehumet.
             Shot with an arrow by Nessos (2 damage)
             ... on level 14 of the Dungeon.
             The game lasted 01:23:49 (21803 turns).

SuperCereal the Destroyer (Deep Elf Conjurer)      Turns: 21803, Time: 01:23:49

Health: -1/102     AC: 26    Str:  7    XL:     12   Next: 61%
Magic:  3/28       EV:  2    Int: 24    God:    Vehumet [****..]
Gold:   743        SH:  6    Dex: 15    Spells: 6/31 levels left

rFire    . . .     SeeInvis .   P - staff of cold
rCold    + . .     Gourm    .   Z - +3 buckler of Acwa {+Blink rPois Str+2 Int-2}
rNeg     + + +     Faith    .   (armour currently unavailable)
rPois    +         Spirit   .   (helmet currently unavailable)
rElec    .         Reflect  .   (cloak currently unavailable)
rCorr    .         Harm     .   (gloves currently unavailable)
MR       +....     NoTele   +   (boots currently unavailable)
Stlth    ++........             W - amulet of magic regeneration
HPRegen  0.27/turn              f - ring of positive energy
MPRegen  0.46/turn              p - ring of flight

@: lethally poisoned (-1 -> -14), tree-form
A: no striking features
a: Renounce Religion, Evoke Blink


You were on level 14 of the Dungeon.
You worshipped Vehumet.
Vehumet was greatly pleased with you.
You were very hungry.
You were a tree.
You visited 2 branches of the dungeon, and saw 16 of its levels.
You also visited: Bailey.

You collected 938 gold pieces.
You spent 195 gold pieces at shops.

Inventory:

Hand Weapons
 u - the +7 long sword of Tyus {slice, *Corrode rC++ Stlth+}
   (You bought it in a shop on level 4 of the Dungeon)

   It inflicts extra damage upon your enemies.
   It greatly protects you from cold.
   It may corrode you when you take damage.
   It makes you more stealthy.
 Q - the +0 executioner's axe "Ydoran" {holy, rF+ Stlth+}
   (You found it in a bailey)

   It has been blessed by the Shining One to cause great damage to the undead
   and demons.
   It protects you from fire.
   It makes you more stealthy.
Missiles
 e - 22 tomahawks (quivered)
 q - 121 poisoned needles
 J - 4 javelins
 N - 15 javelins of returning
Armour
 m - a +3 leather armour of cold resistance (melded)
 v - a +0 pair of boots (melded)
 V - a +0 troll leather armour
 Y - a cursed +0 helmet (melded)
 Z - the +3 buckler of Acwa (worn) {+Blink rPois Str+2 Int-2}
   (You found it on level 11 of the Dungeon)

   It affects your strength (+2).
   It affects your intelligence (-2).
   It protects you from poison.
   It lets you blink.
Magical Staves
 P - an uncursed staff of cold (weapon)
Jewellery
 f - a ring of positive energy (left branch)
 l - an uncursed amulet of harm {unknown}
 p - a ring of flight (right branch)
 H - an uncursed ring of see invisible
 U - an uncursed ring of protection from cold
 W - an amulet of magic regeneration (around neck)
 X - an uncursed ring of protection from cold
Wands
 h - a wand of digging (23)
 n - a wand of iceblast (24)
 r - a wand of acid (11)
 z - a wand of flame (89)
 L - a wand of disintegration (9)
 T - a wand of clouds (7)
Scrolls
 a - a scroll of random uselessness {unknown}
 b - 8 scrolls of identify
 d - 10 scrolls of remove curse
 g - 2 scrolls of magic mapping {unknown}
 i - a scroll of acquirement {unknown}
 j - 5 scrolls of immolation {unknown}
 k - 5 scrolls of teleportation {unknown}
 s - a scroll of enchant weapon {unknown}
 y - a scroll of noise {unknown}
 A - 2 scrolls of amnesia
 C - 3 scrolls of fog {unknown}
 S - 3 scrolls of enchant armour {unknown}
Potions
 o - a potion of flight
 w - a potion of degeneration
 x - a potion of lignification
 B - 3 potions of curing
 D - 4 potions of might
 E - a potion of brilliance
 F - 2 potions of agility
 M - a potion of resistance
Comestibles
 c - 9 rations


   Skills:
 - Level 5.2 Fighting
 - Level 8.2 Dodging
 - Level 3.1 Stealth
 - Level 10.0 Spellcasting
 - Level 12.4 Conjurations
 - Level 5.0 Hexes
 - Level 4.1 Translocations
 + Level 10.0 Ice Magic
 + Level 9.2 Air Magic


You had 6 spell levels left.
You knew the following spells:

 Your Spells              Type           Power        Failure   Level  Hunger
a - Magic Dart            Conj           ####         1%          1    None
b - Dazzling Spray        Conj/Hex       ######       1%          3    None
c - Iskenderun's Mystic   Conj           ######..     1%          4    #......
d - Force Lance           Conj/Tloc      ######..     1%          4    #......
e - Fulminant Prism       Conj/Hex       ######....   1%          4    #......
f - Mephitic Cloud        Conj/Pois/Air  #####...     1%          3    None
g - Freezing Cloud        Conj/Ice/Air   #######...   4%          6    ######.


Dungeon Overview and Level Annotations

Branches:
Dungeon (15/15)            Temple (1/1) D:6            Lair (0/6) D:9
    Orc (0/2) D:9
 Vaults: D:13-14     Depths: D:15

Altars:
Ashenzari
Cheibriados
Dithmenos
Elyvilon
Fedhas
Gozag
Hepliaklqana
Kikubaaqudgha
Makhleb
Nemelex Xobeh
Okawaru
Qazlal
Ru
Sif Muna
Trog
Uskayaw
Vehumet
Wu Jian
Xom
Yredelemnul
Zin
The Shining One

Shops:
D:4 *(((   D:5 (   D:9 *   D:14 *

Annotations:
D:10 Maurice
D:12 cranach's ghost, journeyman DsBe
D:14 Frances; Nessos


Message History

You feel sick.
Nessos shoots an arrow.
You block the arrow.
Frances is engulfed in freezing vapours.
Nessos shoots an arrow.
The arrow hits you but does no damage.
Casting: Iskenderun's Mystic Blast (safe; 1% risk of failure)
Confirm with . or Enter, or press ? or * to list all spells.
Aiming: Iskenderun's Mystic Blast (safe; 1% risk of failure)
Press: ? - help, Shift-Dir - straight line, f/p - Nessos
Aim: Nessos, wielding a longbow of flaming and wearing a centaur barding (severely wounded, fast)
The orb of energy hits Nessos.
Nessos is almost dead.
You are engulfed in freezing vapours.
You resist.
* * * LOW HITPOINT WARNING * * *
You feel sick.
Nessos shoots an arrow.
You block the arrow.
Frances is engulfed in freezing vapours.
Frances hits you with a battleaxe of electrocution.
* * * LOW HITPOINT WARNING * * *
You are electrocuted!
* * * LOW HITPOINT WARNING * * *
Nessos shoots an arrow.
The arrow hits you.
You die...

... ...............# #....# ...
..............# #....# ... .....
..§§§.# #....# ... ... .§§§.#
#....# .. #+#######§§.# #....#
.#######.......#§§4# #....#
.#...(.........#§§§#########....#
.#.##########..#@§..............#
.#.#........#..#♣.§.............#
.#.#........#..#...c............#
.#.#........#..#(..........######
.#.#........#..#...........#
.#.#....)...#..#...........#
.#.#........'..#...........#
.#.##########..#.#######..##
.#.............#.#.....#..#
##.............#.#.....#..#


You could see Frances, Nessos and an orange demon.

Vanquished Creatures
  The ghost of wevryn the Nimble, a journeyman TrFi of the Shining One (D:14)
  4 centaur warriors
  3 two-headed ogres
  A skeletal warrior (D:14)
  2 deep elf magi
  Joseph (D:7)
  An ugly thing (D:10)
  2 centaur zombies
  2 komodo dragons (D:9)
  An efreet (D:14)
  A freezing wraith (D:14)
  2 trolls
  A hornet (D:11)
  3 hippogriffs
  Prince Ribbit (D:9)
  A slime creature (D:14)
  A shadow (D:11)
  4 wraiths
  Eustachio (D:4)
  A wyvern (D:9)
  3 humans
  Grum (D:8)
  2 basilisks (D:9)
  3 hungry ghosts
  A water moccasin (D:7)
  Duvessa (D:4)
  2 black bears
  3 sky beasts
  A swamp drake (D:9)
  13 orc warriors
  5 phantoms
  7 ogres
  A necrophage (D:11)
  4 ice beasts
  4 wolves
  15 centaurs
  2 crocodiles
  7 big kobolds
  A gnoll sergeant (D:11)
  8 bullfrogs
  A wyvern zombie (D:8)
  Dowan (D:4)
  4 scorpions
  A scorpion (shapeshifter) (D:13)
  5 killer bees
  9 wights
  3 howler monkeys
  10 crimson imps
  4 jellies
  6 orc priests
  2 centaur skeletons
  6 hounds
  3 iguanas
  6 orc wizards
  10 worker ants
  2 hound zombies
  A hound skeleton (D:4)
  9 gnolls
  13 adders
  2 shadow imps
  3 oozes
  An adder skeleton (D:9)
  An adder zombie (D:8)
  A worm (D:3)
  5 dart slugs
  5 leopard geckos
  53 orcs
  2 ball pythons
  16 bats
  6 giant cockroaches
  12 goblins
  13 hobgoblins
  12 jackals
  5 quokkas
  8 frilled lizards
  73 kobolds
  11 rats
  A fulminant prism (D:6)
444 creatures vanquished.

Vanquished Creatures (others)
  A bullfrog zombie (D:11)
  An orc priest (D:4)
  A hound skeleton (D:11)
  A worker ant zombie (D:11)
  17 fulminant prisms
  A plant (D:4)
22 creatures vanquished.

Grand Total: 466 creatures vanquished

Notes
Turn   | Place    | Note
-------+----------+-------------------------------------------
     0 | D:1      | SuperCereal the Deep Elf Conjurer began the quest for the Orb.
     0 | D:1      | Reached XP level 1. HP: 10/10 MP: 6/6
   239 | D:1      | Reached XP level 2. HP: 15/15 MP: 4/8
   377 | D:1      | Reached skill level 5 in Conjurations
   531 | D:1      | Reached XP level 3. HP: 19/19 MP: 3/9
  1554 | D:2      | Reached XP level 4. HP: 24/24 MP: 6/11
  2118 | D:3      | Learned a level 3 spell: Dazzling Spray
  2187 | D:3      | Reached skill level 6 in Conjurations
  2290 | D:3      | Noticed a big kobold
  2340 | D:3      | Killed a big kobold
  2340 | D:3      | Reached skill level 5 in Spellcasting
  2340 | D:3      | Reached XP level 5. HP: 28/28 MP: 0/14
  2791 | D:3      | Reached XP level 6. HP: 29/32 MP: 4/16
  2896 | D:3      | Reached skill level 7 in Conjurations
  4132 | D:4      | Found Vipetz's Antique Weapon Boutique.
  4141 | D:4      | Bought a brightly glowing long sword for 195 gold pieces
  4141 | D:4      | Identified the +7 long sword of Tyus {slice, *Corrode rC++ Stlth+} (You bought it in a shop on level 4 of the Dungeon)
  4148 | D:4      | Learned a level 4 spell: Iskenderun's Mystic Blast
  4153 | D:4      | Learned a level 4 spell: Force Lance
  4158 | D:4      | Learned a level 4 spell: Fulminant Prism
  4240 | D:4      | Found a sparkling altar of Nemelex Xobeh.
  4243 | D:4      | Noticed Eustachio
  4302 | D:4      | Killed Eustachio
  4302 | D:4      | Reached XP level 7. HP: 14/36 MP: 0/19
  4668 | D:4      | Found Hozets's Assorted Antiques.
  4683 | D:4      | Found Bauchowa's Antique Weapon Shop.
  4737 | D:4      | Reached skill level 8 in Conjurations
  4998 | D:4      | Found Vennetou's Weapon Emporium.
  5189 | D:4      | Noticed Dowan
  5196 | D:4      | Killed Dowan
  5261 | D:4      | Noticed Duvessa
  5295 | D:4      | Killed Duvessa
  5698 | D:4      | Reached XP level 8. HP: 35/41 MP: 15/22
  5897 | D:5      | Entered Level 5 of the Dungeon
  5944 | D:5      | Found a glowing golden altar of the Shining One.
  5966 | D:5      | Reached skill level 9 in Conjurations
  6634 | D:5      | Found Potism's Antique Weapon Boutique.
  6734 | D:5      | Found an ancient bone altar of Kikubaaqudgha.
  6735 | D:5      | Found a snail-covered altar of Cheibriados.
  6924 | D:6      | Found a shattered altar of Ashenzari.
  6975 | D:5      | Reached skill level 10 in Spellcasting
  7235 | D:5      | Reached skill level 1 in Hexes
  7235 | D:5      | Reached skill level 1 in Translocations
  7970 | D:6      | Found a staircase to the Ecumenical Temple.
  7976 | Temple   | Entered the Ecumenical Temple
  8061 | Temple   | Became a worshipper of Vehumet
  8220 | D:6      | Reached skill level 10 in Conjurations
  8285 | D:7      | Reached XP level 9. HP: 45/45 MP: 25/25
  8716 | D:7      | Noticed Joseph
  8726 | D:7      | Killed Joseph
  8726 | D:7      | Reached skill level 5 in Hexes
  8745 | D:7      | Found an iron altar of Okawaru.
  8835 | D:7      | Reached skill level 1 in Fighting
  9016 | D:7      | Got a crystal quarterstaff
  9158 | D:7      | Identified the +1 quarterstaff of Anguish {crush, *Contam rC+++ Int+4 Dex+2} (You found it on level 7 of the Dungeon)
  9989 | D:7      | Reached skill level 11 in Conjurations
 10502 | D:8      | Reached skill level 5 in Dodging
 10502 | D:8      | Reached XP level 10. HP: 55/55 MP: 11/26
 10665 | D:8      | Noticed Grum
 10671 | D:8      | Reached * piety under Vehumet
 10671 | D:8      | Offered knowledge of Sandblast by Vehumet.
 10825 | D:8      | Killed Grum
 11550 | D:9      | Found a deep blue altar of Sif Muna.
 11874 | D:9      | Offered knowledge of Sting by Vehumet.
 12003 | D:9      | Reached ** piety under Vehumet
 12115 | D:9      | Found Gigip's General Store.
 12172 | D:9      | Found a flagged portal.
 12188 | Bailey   | Entered a bailey
 12532 | Bailey   | Reached skill level 12 in Conjurations
 12871 | Bailey   | Offered knowledge of Throw Flame by Vehumet.
 13318 | Bailey   | Reached skill level 5 in Fighting
 13333 | Bailey   | Reached *** piety under Vehumet
 13598 | Bailey   | Got a jewelled executioner's axe
 13603 | Bailey   | Identified the +0 executioner's axe "Ydoran" {holy, rF+ Stlth+} (You found it in a bailey)
 13710 | D:9      | You fall through a shaft for 2 floors!
 13782 | D:11     | Reached XP level 11. HP: 52/64 MP: 6/27
 13934 | D:11     | Offered knowledge of Inner Flame by Vehumet.
 13939 | D:11     | Learned a level 3 spell: Mephitic Cloud
 13950 | D:11     | Learned a level 6 spell: Freezing Cloud
 13975 | D:11     | Noticed a deep elf mage
 14030 | D:11     | Reached skill level 1 in Ice Magic
 14247 | D:11     | Reached skill level 1 in Air Magic
 14586 | D:11     | Noticed a two-headed ogre
 14590 | D:11     | Killed a two-headed ogre
 14665 | D:11     | Killed a deep elf mage
 15061 | D:11     | Reached **** piety under Vehumet
 16492 | D:10     | Entered Level 10 of the Dungeon
 16910 | D:10     | Noticed a white ugly thing
 16914 | D:10     | Killed a white ugly thing
 16914 | D:10     | Reached skill level 5 in Ice Magic
 16916 | D:10     | Offered knowledge of Yara's Violent Unravelling by Vehumet.
 16940 | D:10     | Noticed a two-headed ogre
 17033 | D:10     | Killed a two-headed ogre
 17033 | D:10     | Reached skill level 5 in Air Magic
 17536 | D:10     | Noticed Maurice
 17541 | D:10     | Paralysed by something for 5 turns
 17968 | D:9      | Noticed a two-headed ogre
 17971 | D:9      | Noticed Prince Ribbit
 17975 | D:9      | Killed a two-headed ogre
 18036 | D:9      | Killed Prince Ribbit
 18051 | D:9      | Found a staircase to the Orcish Mines.
 18375 | D:9      | Found a staircase to the Lair.
 19058 | D:11     | Got a brightly glowing buckler
 19064 | D:11     | Identified the +3 buckler of Acwa {+Blink rPois Str+2 Int-2} (You found it on level 11 of the Dungeon)
 19257 | D:12     | Noticed cranach's ghost (journeyman DsBe)
 19772 | D:13     | Noticed a deep elf mage
 19787 | D:13     | Noticed a centaur warrior
 19789 | D:13     | Killed a deep elf mage
 19789 | D:13     | Reached XP level 12. HP: 39/68 MP: 22/28
 19793 | D:13     | Killed a centaur warrior
 19798 | D:13     | Noticed a centaur warrior
 19802 | D:13     | HP: 2/68 [centaur warrior (14)]
 19803 | D:13     | Killed a centaur warrior
 20306 | D:13     | Noticed a centaur warrior
 20314 | D:13     | Killed a centaur warrior
 20696 | D:14     | Found Daofy's Demolitions Depot.
 21133 | D:14     | Noticed wevryn's ghost (journeyman TrFi)
 21158 | D:14     | Killed wevryn's ghost
 21215 | D:14     | Noticed Nessos
 21634 | D:15     | Entered Level 15 of the Dungeon
 21646 | D:14     | Noticed a centaur warrior
 21655 | D:14     | Killed a centaur warrior
 21657 | D:14     | Reached skill level 10 in Ice Magic
 21792 | D:14     | Noticed Frances
 21803 | D:14     | HP: 1/102 [Frances/battleaxe of electrocution (15)]
 21803 | D:14     | Shot with an arrow by Nessos

Vault maps used:
D:1:      dpeg_arrival_chase, corexii_leaking_fountain
D:2:      minmay_circled_x
D:3:      minmay_goblin_kobold_castle
D:4:      overflow_temple_1_default, serial_shops,
          nicolae_shop_overgrown_old_shop, nicolae_shop_stone, shop,
          kennysheep_mini, minmay_misc_feat_pillars, kennysheep_generic_room_4,
          uniq_eustachio, uniq_duvessa
D:5:      grunt_temple_overflow_open, nicolae_overflow_crystal_walls,
          serial_shops, shop_fountains, first_ration
D:6:      lemuel_doored_altar, minmay_temple_entry_hall
D:7:      okawaru_humans, minmay_misc_feat_enclosed, uniq_joseph
D:8:      uniq_grum
D:9:      overflow_temple_1_default, erik_lair_dragon, serial_shops, shop,
          enter_bailey_2, uniq_prince_ribbit1
D:10:     uniq_maurice
D:11:     hangedman_stone_soup
D:14:     gargoyle_guard, erik_vaults_2, old_standard_altar,
          nicolae_blasting_shop, uniq_nessos, uniq_josephine, uniq_frances
D:15:     grunt_enter_depths_hoard, hex_tiny, nicolae_ru_path_of_blood
Temple:   regret_index_temple_waves
Bailey:   bailey_polearm_flooded_kennysheep, bailey

Skill      XL: |  1  2  3  4  5  6  7  8  9 10 11 12 |
---------------+-------------------------------------+-----
Conjurations   | 5 6 7 8 10 11 12 | 12.4
Spellcasting   | 5 7 8 10 | 10.0
Stealth        | 3 |  3.1
Hexes          | 3 5 |  5.0
Translocations | 2 4 |  4.1
Dodging        | 5 8 |  8.2
Fighting       | 2 5 |  5.2
Ice Magic      | 7 10 | 10.0
Air Magic      | 6 9 |  9.2

Action                   |  1- 3 |  4- 6 |  7- 9 | 10-12 || total
-------------------------+-------+-------+-------+-------++-------
Melee: Whip              |     2 |     1 |       |       ||     3
       Long sword        |       |    10 |    48 |    96 ||   154
       Staff             |       |       |       |    13 ||    13
 Fire: Blowgun           |       |     3 |       |       ||     3
 Cast: Magic Dart        |    75 |   186 |   105 |   215 ||   581
       Dazzling Spray    |       |    11 |    21 |     6 ||    38
       Fulminant Prism   |       |     2 |     7 |     9 ||    18
       Iskenderun's Myst |       |     2 |    49 |   241 ||   292
       Force Lance       |       |       |    20 |    64 ||    84
       Freezing Cloud    |       |       |       |    10 ||    10
       Mephitic Cloud    |       |       |       |     2 ||     2
  Use: Potion            |       |     4 |       |     3 ||     7
       Scroll            |       |       |     5 |     1 ||     6
 Stab: Sleeping          |     1 |       |     4 |     4 ||     9
       Invisible         |       |       |     1 |       ||     1
  Eat: Chunk             |     1 |     6 |    11 |    11 ||    29
       Ration            |       |     1 |     3 |     9 ||    13
Armor: Robe              |     1 |    12 |       |       ||    13
       Leather armour    |       |       |    44 |    53 ||    97
       Skin              |       |       |       |     2 ||     2
Dodge: Dodged            |     9 |    76 |    87 |   189 ||   361
Block: Buckler           |       |       |       |    16 ||    16
       Rpst.: Long sword |       |     3 |    27 |    29 ||    59

Table legend:
 A = Spawn XP
 B = Non-spawn XP
 C = Spawn XP percentage of total XP
 D = Spawn monster count
 E = Non-spawn monster count
 F = Spawn count percentage of total count
 G = Total turns spent on level
                    A         B        C        D         E        F      G
               +---------+---------+-------+---------+---------+-------+---------
         Total |       0 |   31815 |   0.0 |       0 |     443 |   0.0 | 21803
               +---------+---------+-------+---------+---------+-------+---------
           D:1 |       0 |      64 |   0.0 |       0 |      30 |   0.0 |  1412
           D:2 |       0 |      89 |   0.0 |       0 |      32 |   0.0 |   600
           D:3 |       0 |     517 |   0.0 |       0 |      78 |   0.0 |  2285
           D:4 |       0 |    1034 |   0.0 |       0 |      22 |   0.0 |  2040
           D:5 |       0 |     643 |   0.0 |       0 |      16 |   0.0 |  1018
           D:6 |       0 |     434 |   0.0 |       0 |      17 |   0.0 |   823
           D:7 |       0 |    2525 |   0.0 |       0 |      18 |   0.0 |  2136
           D:8 |       0 |    1786 |   0.0 |       0 |      28 |   0.0 |  1131
           D:9 |       0 |    4002 |   0.0 |       0 |      45 |   0.0 |  1545
          D:10 |       0 |    2966 |   0.0 |       0 |      24 |   0.0 |  1422
          D:11 |       0 |    4475 |   0.0 |       0 |      56 |   0.0 |  3126
          D:12 |       0 |     699 |   0.0 |       0 |       8 |   0.0 |   486
          D:13 |       0 |    4367 |   0.0 |       0 |      10 |   0.0 |  1355
          D:14 |       0 |    5923 |   0.0 |       0 |      20 |   0.0 |   802
        Bailey |       0 |    2291 |   0.0 |       0 |      39 |   0.0 |  1515
               +---------+---------+-------+---------+---------+-------+---------
